 Dungeon Crawl Stone Soup version 0.29.1-15-g9cfb28693d (webtiles) character file.

Game seed: 1810311104981545500

4242 EarthwalkerPL the Protected (level 10, 0/89 (91) HPs)
             Began as a Minotaur Fighter on Mar 11, 2023.
             Was an Elder of Okawaru.
             Slain by a wight
             ... wielding a +0 scimitar
              (8 damage)
             ... on level 9 of the Dungeon.
             The game lasted 00:16:16 (8968 turns).

EarthwalkerPL the Protected (Minotaur Fighter)      Turns: 8968, Time: 00:16:16

HP:   0/89 (91)     AC: 15    Str: 23 (26) XL:     10   Next: 9%
MP:   10/10         EV:  7    Int:  8 (11) God:    Okawaru [****..]
Gold: 650           SH:  0    Dex:  8 (9)  Spells: 9/9 levels left

rFire   . . .      SeeInvis .   a - +0 war axe
rCold   . . .      Faith    .   g - +1 tower shield {AC+3}
rNeg    . . .      Spirit   .   b - +0 scale mail
rPois   .          Reflect  +   (helmet restricted)
rElec   .          Harm     .   m - +1 cloak
rCorr   .          Rampage  .   (no gloves)
Will    .....                   G - +0 pair of boots
Stlth   ..........              e - amulet of reflection
HPRegen 0.24/turn               C - +6 ring of intelligence
MPRegen 0.12/turn               (no ring)

@: confused, lethally poisoned (0 -> -35), lightly drained
A: horns 2, retaliatory headbutt
a: Renounce Religion, Heroism, Finesse


You were on level 9 of the Dungeon.
You worshipped Okawaru.
Okawaru was greatly pleased with you.
You visited 2 branches of the dungeon, and saw 10 of its levels.

You collected 650 gold pieces.

Inventory:

Hand Weapons
 a - a +0 war axe (weapon)
Missiles
 f - 20 poisoned darts (quivered)
 B - an atropa-tipped dart
 J - 2 boomerangs
 K - 3 silver boomerangs
Armour
 b - a +0 scale mail (worn)
 c - a +0 buckler
 g - a +1 tower shield of protection (worn)
 m - a +1 cloak (worn)
 G - a +0 pair of boots (worn)
Jewellery
 e - an amulet of reflection (around neck)
 y - an amulet of faith
 C - a +6 ring of intelligence (left hand)
 D - an amulet of magic regeneration
Scrolls
 h - 2 scrolls of amnesia {unknown}
 i - a scroll of fear {unknown}
 j - 3 scrolls of noise {unknown}
 n - 2 scrolls of teleportation {unknown}
 o - a scroll of poison {unknown}
 p - 2 scrolls of summoning {unknown}
 q - 5 scrolls of identify {unknown}
 r - 4 scrolls of enchant weapon {unknown}
 s - 2 scrolls of acquirement {unknown}
 t - 2 scrolls of silence {unknown}
 v - 3 scrolls of torment {unknown}
 x - a scroll of enchant armour {unknown}
 H - 2 scrolls of immolation {unknown}
Potions
 d - 2 potions of might
 k - 4 potions of heal wounds {unknown}
 l - 4 potions of degeneration
 u - a potion of berserk rage {unknown}
 w - a potion of attraction {unknown}
 z - 2 potions of flight {unknown}
 A - 2 potions of lignification {unknown}
 E - a potion of mutation {unknown}
 F - 2 potions of ambrosia {unknown}
 I - a potion of invisibility {unknown}


   Skills:
 * Level 9.5 Fighting
 * Level 9.0 Axes
 + Level 2.0 Throwing
 * Level 9.5 Armour
 + Level 2.3 Dodging
 * Level 8.4 Shields
 + Level 2.0 Invocations


You had 9 spell levels left.
You didn't know any spells.
Your spell library contained the following spells:

 Spells                   Type           Power      Damage    Failure   Level
 Necrotise                Necr           0%         1d4       100%        1
 Mephitic Cloud           Conj/Pois/Air  0%         N/A       100%        3
 Stone Arrow              Conj/Erth      0%         3d7       100%        3
 Animate Dead             Necr           Unusable   N/A       N/A         4
 Death Channel            Necr           Unusable   N/A       N/A         6

Dungeon Overview and Level Annotations

Branches:
Dungeon (9/15)             Temple (1/1) D:7
   Lair: D:8-11         Orc: D:9-12

Altars:
Ashenzari
Cheibriados
Dithmenos
Elyvilon
Fedhas
Gozag
Hepliaklqana
Kikubaaqudgha
Nemelex Xobeh
Okawaru
Qazlal
Ru
Sif Muna
Trog
Uskayaw
Vehumet
Wu Jian
Xom
Yredelemnul
Zin
The Shining One

Shops:
D:1 [   D:9 ?

Annotations:
D:8 4 runed translucent doors


Innate Abilities, Weirdness & Mutations

You have a pair of horns on your head.
You reflexively headbutt those who attack you in melee.


Message History

You barely miss the orc wizard.
You feel very sick. The wight barely misses you.
The wight completely misses you. The wight hits you with a +2 war axe.
The orc wizard hits you but does no damage.
You are more poisoned.
The orc wizard hits you but does no damage.
You hit the wight but do no damage. You headbutt the wight.
You destroy the wight!
Okawaru accepts your kill.
You miss the orc wizard. You hit the wight. You closely miss the wight.
You hit the orc wizard.
You feel extremely sick. The wight hits you but does no damage.
The orc wizard hits you but does no damage.
The wight barely misses you.
The orc wizard hits you with a +2 dagger of venom.
* * * LOW HITPOINT WARNING * * *
You are lethally poisoned!
The orc wizard hits you with a +2 dagger of venom.
* * * LOW HITPOINT WARNING * * *
You are more poisoned.
The wight hits you with a +4 morningstar of freezing.
* * * LOW HITPOINT WARNING * * *
The wight freezes you.
* * * LOW HITPOINT WARNING * * *
The orc wizard hits you but does no damage.
The wight barely misses you.
It was a potion of degeneration.
There was something very wrong with that liquid.
You feel weakened.
You feel dopey.
You feel clumsy.
* * * LOW HITPOINT WARNING * * *
You feel extremely sick.
The orc wizard hits you but does no damage.
The wight hits you with a +4 morningstar of freezing.
* * * LOW HITPOINT WARNING * * *
The wight freezes you.
* * * LOW HITPOINT WARNING * * *
The wight hits you with a +0 scimitar!
You die...

##################
.................#
...............oo#
........#######z@#
######..# #z)#
#..#######..#
######...........#
.................#
######...........#
#...........#
######..########.#
........#


You could see 2 wights and 2 orc wizards.

Vanquished Creatures
  Pikel (D:8)
  Psyche (D:8)
  Prince Ribbit (D:6)
  4 yaks (D:8)
  A steam dragon (D:9)
  2 black bears
  2 orc warriors
  2 sky beasts
  An ogre (D:6)
  A kobold brigand (D:8)
  3 lemures (D:8)
  A phantom (D:5)
  3 bullfrogs
  2 scorpions
  A gnoll sergeant (D:8)
  A necrophage (D:6)
  A wight (D:9)
  11 killer bees
  A howler monkey (D:7)
  2 hounds
  3 jellies
  Crazy Yiuf (D:6)
  5 orc priests
  5 orc wizards
  4 iguanas
  6 adders
  5 gnolls (D:8)
  A shadow imp (D:6)
  2 white imps (D:6)
  An ufetubus (D:7)
  2 worms
  3 dart slugs
  43 orcs
  5 ball pythons
  7 bats
  5 endoplasms
  3 giant cockroaches
  9 hobgoblins
  9 jackals
  12 kobolds
  3 quokkas
  8 frilled lizards
  7 goblins
  4 rats
195 creatures vanquished.

Notes
Turn   | Place    | Note
-------+----------+-------------------------------------------
     0 | D:1      | EarthwalkerPL the Minotaur Fighter began the quest for the
                  | Orb.
     0 | D:1      | Reached XP level 1. HP: 19/19 MP: 0/0
   140 | D:1      | Reached XP level 2. HP: 27/27 MP: 1/1
   181 | D:1      | Found Voud's Antique Armour Shoppe.
   449 | D:1      | Reached XP level 3. HP: 33/33 MP: 2/2
   988 | D:2      | Found a faded altar of an unknown god.
  1745 | D:3      | Reached XP level 4. HP: 36/41 MP: 3/3
  1849 | D:3      | Found a sacrificial altar of Ru.
  2078 | D:3      | Found a sparkling altar of Nemelex Xobeh.
  2501 | D:4      | Reached skill level 5 in Fighting
  2501 | D:4      | Reached XP level 5. HP: 27/48 MP: 4/4
  2742 | D:4      | Reached skill level 5 in Armour
  2950 | D:4      | Found a bloodstained altar of Trog.
  3273 | D:4      | Found an iron altar of Okawaru.
  3281 | D:4      | Became a worshipper of Warmaster Okawaru
  3422 | D:5      | Entered Level 5 of the Dungeon
  3475 | D:5      | Noticed a black bear
  3487 | D:5      | Killed a black bear
  3488 | D:5      | Reached XP level 6. HP: 56/56 MP: 5/5
  3894 | D:6      | Found a runed translucent door.
  3895 | D:6      | Noticed Crazy Yiuf
  3951 | D:6      | Reached skill level 5 in Axes
  3965 | D:6      | Reached * piety under Okawaru
  3966 | D:6      | Reached XP level 7. HP: 36/63 MP: 6/6
  4069 | D:6      | Reached skill level 5 in Shields
  4230 | D:5      | HP: 3/64 [poisoned by a killer bee]
  4661 | D:6      | Reached ** piety under Okawaru
  4662 | D:6      | Reached XP level 8. HP: 36/73 MP: 7/7
  5021 | D:6      | Noticed Prince Ribbit
  5096 | D:6      | Killed Prince Ribbit
  5516 | D:6      | Killed Crazy Yiuf
  5730 | D:7      | Reached *** piety under Okawaru
  5898 | D:7      | Found an opulent altar of Gozag.
  5922 | D:7      | Found a staircase to the Ecumenical Temple.
  6476 | D:7      | Got the Book of Macabre Conflict
  6592 | Temple   | Entered the Ecumenical Temple
  6865 | D:8      | Reached XP level 9. HP: 44/81 MP: 8/8
  6889 | D:7      | HP: 3/82 [poisoned by a killer bee]
  7235 | D:8      | Found an ornate altar of the Wu Jian Council.
  7235 | D:8      | Found a hazy altar of Hepliaklqana.
  7564 | D:8      | Noticed Psyche
  7585 | D:8      | Killed Psyche
  7585 | D:8      | Reached **** piety under Okawaru
  7827 | D:8      | Reached skill level 1 in Throwing
  7827 | D:8      | Reached skill level 1 in Dodging
  7828 | D:8      | Reached skill level 1 in Invocations
  8064 | D:8      | Noticed Pikel
  8093 | D:9      | Found Jalol's Magic Scroll Boutique.
  8115 | D:8      | Killed Pikel
  8279 | D:8      | Found a huge runed translucent gate.
  8279 | D:8      | Noticed a polar bear
  8279 | D:8      | Noticed a polar bear
  8288 | D:8      | Found a huge runed translucent gate.
  8289 | D:8      | Found a huge runed translucent gate.
  8289 | D:8      | Noticed a polar bear
  8289 | D:8      | Noticed a polar bear
  8290 | D:8      | Noticed a polar bear
  8290 | D:8      | Found a huge runed translucent gate.
  8290 | D:8      | Noticed a polar bear
  8290 | D:8      | Noticed a manticore
  8532 | D:8      | Received a gift from Okawaru
  8670 | D:8      | Reached XP level 10. HP: 91/91 MP: 10/10
  8901 | D:9      | Received a gift from Okawaru
  8968 | D:9      | Slain by a wight

Illustrated notes

Levels and vault maps discovered:
D:1:      nicolae_arrival_washed_ashore, layout_loops_cross, serial_shops, shop
D:2:      layout_basic, shapermc_ecumenical_altar_totnotflames, chequers_garden
D:3:      layout_loops_cross, nemelex_xobeh_ov_fountains_minmay,
          mainiacjoe_overflow_alcove_4, feat_on_display
D:4:      nicolae_cairo_tiling, layout_loops_ring, marbit_many_paths,
          old_standard_altar, st_stairs_14, roderic_serpentine_path
D:5:      layout_rooms
D:6:      layout_basic, serial_glass, glass_columns_c, glass_columns_b,
          uniq_crazy_yiuf_cottage, uniq_prince_ribbit1
D:7:      layout_loops_corners, mainiacjoe_overflow_alcove_1, temple_fountains
D:8:      lemuel_bear_cage, layout_cave_pods,
          chequers_temple_overflow_statue_of_worship,
          amcnicky_mini_corridor_feature, uniq_pikel, uniq_psyche
D:9:      layout_small_grid, hiddenorc1_lemuel, serial_shops,
          nicolae_shop_trees, nicolae_stop_n_shop_1, corner_web_ring
Temple:   dpeg_chambers_temple

Skill      XL: |  1  2  3  4  5  6  7  8  9 10 |
---------------+-------------------------------+-----
Fighting       | 4 5 6 7 8 9 |  9.5
Armour         | 4 5 6 7 8 9 |  9.5
Axes           | 3 4 5 6 7 8 9 |  9.0
Shields        | 4 5 7 8 |  8.4
Throwing       | 1 2 |  2.0
Dodging        | 2 |  2.3
Invocations    | 1 2 |  2.0

Action                   |  1- 3 |  4- 6 |  7- 9 | 10-12 || total
-------------------------+-------+-------+-------+-------++-------
Melee: War axe           |   109 |   131 |   308 |    51 ||   599
       Headbutt          |     8 |    15 |    41 |    13 ||    77
       Unarmed           |       |       |    17 |       ||    17
Throw: Dart              |       |     7 |    27 |       ||    34
  Use: Potion            |       |       |     2 |     1 ||     3
Armor: Scale mail        |    39 |    47 |   196 |    30 ||   312
       Skin              |       |       |     6 |       ||     6
Dodge: Dodged            |    18 |    20 |   101 |    14 ||   153
Block: Tower shield      |   123 |   146 |   448 |    56 ||   773
       Reflection        |     3 |     3 |     5 |       ||    11
       Other             |       |       |     4 |       ||     4
